 Dungeon Crawl Stone Soup version 0.20.1-1-g8b1a95d (webtiles) character file.

4221 Jannitor the Fighter (level 10, -4/73 HPs)
             Began as an Octopode Chaos Knight on Sept 30, 2017.
             Slain by a hellwing (6 damage)
             ... on level 7 of the Dungeon.
             The game lasted 00:15:48 (6843 turns).

Jannitor the Fighter (Octopode Chaos Knight)        Turns: 6843, Time: 00:15:49

Health: -4/73      AC:  1    Str: 12 (14) XL:     10   Next: 30%
Magic:  12/12      EV: 13    Int: 14 (15) God:    Xom [.*....]
Gold:   317        SH:  0    Dex:  3 (12) Spells: 9/9 levels left

rFire    + . .     SeeInvis .   a - +0 falchion (chaos)
rCold    + + .     Gourm    .   (no shield)
rNeg     + . .     Faith    .   (helmet restricted)
rPois    .         Spirit   .   j - amulet of magic regeneration
rElec    .         Reflect  .   d - ring of magical power
rCorr    .         Harm     .   B - ring of protection from cold
MR       +....                  w - ring "Ciath" {rF+ rC+ rN+ MP-9}
Stlth    +++.......             (no ring)
Regen    0.3/turn               (no ring)
MPRegen  0.2/turn               (no ring)
                                (no ring)
                                (no ring)

@: no status effects
A: almost no armour, stealthy swim, amphibious, 8 rings, constrict 8, fangs 1,
camouflage 1, frail 1, magic resistance 1, wild magic 1, gelatinous body 1
a: Renounce Religion


You were on level 7 of the Dungeon.
You worshipped Xom.
You were a plaything of Xom.
You were near starving.

You visited 1 branch of the dungeon, and saw 7 of its levels.

You collected 317 gold pieces.

Inventory:

Hand Weapons
 a - a +0 falchion of chaos (weapon)
 l - a +0 scimitar
 D - a +0 long sword
Missiles
 C - 2 poisoned javelins (quivered)
Jewellery
 d - a ring of magical power (left tentacle)
 j - an amulet of magic regeneration (around mantle)
 w - the ring "Ciath" (on tentacle) {rF+ rC+ rN+ MP-9}
   (Xom gifted it to you on level 7 of the Dungeon)

   [ring of positive energy]

   It protects you from fire.
   It protects you from cold.
   It protects you from negative energy.
   It affects your magic capacity (-9).
 B - a ring of protection from cold (right tentacle)
Wands
 k - a wand of confusion (16/48)
 s - a wand of clouds (2/9)
 u - a wand of lightning (8/15)
 v - a wand of disintegration (0/24)
Scrolls
 f - 4 scrolls of identify
 h - a scroll of remove curse
 i - 2 scrolls of recharging
 n - a scroll of magic mapping
 x - a scroll of enchant armour
Potions
 g - a potion of degeneration
Books
 z - Xom's Grimoire of a Thousand Gods
   (Xom gifted it to you on level 5 of the Dungeon)

   Spells                             Type                      Level
   a - Poisonous Vapours              Poison/Air                   2
   b - Spider Form                    Transmutation/Poison         3
   c - Leda's Liquefaction            Hexes/Earth                  4
   d - Olgreb's Toxic Radiance        Poison                       4
   e - Alistair's Intoxication        Transmutation/Poison         5
   f - Statue Form                    Transmutation/Earth          6
Comestibles
 b - 4 bread rations
 m - a royal jelly
 r - 2 meat rations
 t - 4 fruits


   Skills:
 * Level 13.3 Fighting
 + Level 5.5 Long Blades
 * Level 7.6 Dodging
 + Level 4.8 Stealth
 + Level 3.6 Evocations


You had 9 spell levels left.
You didn't know any spells.

Dungeon Overview and Level Annotations

Branches:
Dungeon (7/15)             Temple (0/1) D:6

Altars:
Makhleb
Okawaru
Qazlal
Trog
Xom
Zin

Annotations:
D:4 exclusion: ogre, Timinator's ghost, amateur SpEn
D:5 exclusion: upstairs
D:7 exclusion: crocodile


Innate Abilities, Weirdness & Mutations

You cannot wear most types of armour.
You are very stealthy in the water. (Stealth+)
You are amphibious.
You can wear up to eight rings at the same time.
You can use your tentacles to constrict eight enemies at once.
Your skin changes colour to match your surroundings (Stealth+).
Your rubbery body absorbs attacks. (AC +1, EV +1)
You have very sharp teeth.
You are frail. (-10% HP)
You are resistant to hostile enchantments. (MR+)
Your spells are a little harder to cast, but a little more powerful.


Message History

The hellwing is heavily wounded.
The hellwing is engulfed in blazing flames.
The hellwing hits you!
* * * LOW HITPOINT WARNING * * *
The hellwing hits you.
* * * LOW HITPOINT WARNING * * *
Okay, then.
You barely miss the hellwing.
You squeeze the hellwing, but do no damage.
The hellwing is severely wounded.
The hellwing is engulfed in blazing flames.
The hellwing hits you!
* * * LOW HITPOINT WARNING * * *
The hellwing barely misses you.
Unknown command.
You hit the hellwing.
The hellwing is moving more slowly.
The hellwing is severely wounded.
The hellwing is engulfed in blazing flames.
The hellwing hits you.
You die...

?.####...........=....
..).[.)..............
.÷####).............#
....<#..............
...###..........§§. .#.#
#....?... §§§ .#.# #....####
#§# .#.###....## #4# ######
.#....._...# #@# #.....
.#...........# #.# #.####
.#...........###.# #.#
.#.....8.._....#.# #.#
#..........##.#.###########.#
#..._.....###.#.#...........#
###.......###.#.#.###########
...h.......#.#.#.#
###....[.........#


You could see a hellwing (petrifying).

Vanquished Creatures
  3 centaur zombies (D:7)
  An ice beast (D:6)
  A phantom (D:6)
  An ogre (D:6)
  A bullfrog (shapeshifter) (D:1)
  Blork the orc (D:6)
  A bullfrog (D:6)
  A howler monkey (D:5)
  A bullfrog skeleton (D:7)
  3 orc wizards
  2 orc priests
  Terence (D:3)
  A centaur skeleton (D:5)
  A gnoll shaman (D:5)
  2 hounds
  Ijyb (D:3)
  An iguana (D:7)
  3 worker ants
  3 gnolls (D:5)
  5 adders
  A shadow imp (D:7)
  An ooze (D:3)
  An adder skeleton (D:6)
  4 worms
  A dart slug (D:1)
  5 leopard geckos
  15 orcs
  5 bats
  8 giant cockroaches
  9 goblins
  6 hobgoblins
  17 jackals
  9 kobolds
  2 quokkas
  2 ball pythons
  3 frilled lizards
  2 quokka skeletons (D:7)
  A quokka zombie (D:5)
  7 rats
  A butterfly (D:6)
134 creatures vanquished.

Vanquished Creatures (collateral kills)
  A centaur zombie (D:7)
  An orc warrior (D:7)
  A hound (D:6)
  An orc (D:7)
4 creatures vanquished.

Vanquished Creatures (others)
  A dancing weapon (D:7)
  A withered plant (D:7)
2 creatures vanquished.

Grand Total: 140 creatures vanquished

Notes
Turn   | Place    | Note
-------+----------+-------------------------------------------
     0 | D:1      | Jannitor the Octopode Chaos Knight began the quest for the Orb.
     0 | D:1      | Reached XP level 1. HP: 16/16 MP: 1/1
   114 | D:1      | XOM: harmless Air miscast
   117 | D:1      | Reached XP level 2. HP: 16/21 MP: 2/2
   239 | D:1      | Noticed a bullfrog
   239 | D:1      | an iguana changed into a bullfrog
   242 | D:1      | Killed a bullfrog
   242 | D:1      | Reached XP level 3. HP: 27/27 MP: 3/3
   242 | D:1      | Reached XP level 4. HP: 33/33 MP: 4/4
   245 | D:1      | Gained mutation: You are frail. (-10% HP) [mutagenic meat]
   246 | D:1      | Gained mutation: You have very sharp teeth. [mutagenic meat]
   247 | D:1      | Gained mutation: You are resistant to hostile enchantments. (MR+) [mutagenic meat]
   248 | D:1      | Gained mutation: Your spells are a little harder to cast, but a little more powerful. [mutagenic meat]
   536 | D:1      | Reached skill level 4 in Fighting
   851 | D:1      | XOM: cloud trail
  1039 | D:1      | XOM: medium Hex miscast
  1348 | D:2      | Reached XP level 5. HP: 26/33 MP: 5/5
  1729 | D:3      | Noticed Ijyb
  1737 | D:3      | Killed Ijyb
  1811 | D:3      | XOM: cloud trail
  1843 | D:3      | Found a burning altar of Makhleb.
  1917 | D:3      | Noticed Terence
  1917 | D:3      | XOM: confuse monster(s)
  1938 | D:3      | Killed Terence
  2567 | D:3      | XOM: 2-stop teleportation journey
  2651 | D:3      | Reached XP level 6. HP: 25/39 MP: 6/6
  3037 | D:3      | XOM: summons friendly crimson imp
  3132 | D:4      | Noticed Timinator's ghost (amateur SpEn)
  3244 | D:4      | Reached skill level 5 in Fighting
  3332 | D:5      | Entered Level 5 of the Dungeon
  3341 | D:5      | Reached skill level 5 in Dodging
  3421 | D:5      | XOM: harmless Conj miscast
  3521 | D:5      | XOM: god gift: wand of clouds (?/9) {god gift}
  3719 | D:5      | Identified Xom's Grimoire of a Thousand Gods (Xom gifted it to you on level 5 of the Dungeon)
  3719 | D:5      | XOM: god gift: Xom's Grimoire of a Thousand Gods
  3783 | D:5      | Reached XP level 7. HP: 17/45 MP: 7/7
  3947 | D:5      | Reached skill level 1 in Stealth
  4062 | D:5      | XOM: 2-stop teleportation journey
  4565 | D:5      | XOM: cloud trail
  4574 | D:5      | XOM: scenery: create altars
  4665 | D:6      | Found a staircase to the Ecumenical Temple.
  4665 | D:6      | XOM: noise
  4712 | D:6      | XOM: 2-stop teleportation journey
  4944 | D:6      | XOM: god gift: 2 poisoned javelins
  4953 | D:6      | XOM: smoke on damage
  4960 | D:6      | Reached skill level 1 in Evocations
  4964 | D:6      | XOM: scenery: create altars
  4966 | D:6      | XOM: summons 5 friendly demons
  5421 | D:6      | XOM: mild Fire miscast
  5511 | D:6      | Reached XP level 8. HP: 51/51 MP: 8/8
  5546 | D:6      | XOM: scenery: create altars
  5699 | D:6      | Reached skill level 6 in Fighting
  5709 | D:6      | Noticed Blork the orc
  5720 | D:6      | Killed Blork the orc
  5802 | D:6      | XOM: medium Erth miscast
  5978 | D:7      | XOM: god gift: ancient tin ring {god gift}
  5979 | D:7      | Got an ancient tin ring {god gift}
  5980 | D:7      | Identified the ring "Ciath" {rF+ rC+ rN+ MP-9} (Xom gifted it to you on level 7 of the Dungeon)
  6056 | D:7      | Found an iron altar of Okawaru.
  6157 | D:7      | Found a stormy altar of Qazlal.
  6157 | D:7      | Noticed a hellwing
  6165 | D:7      | XOM: snakes to sticks
  6171 | D:7      | Reached skill level 5 in Long Blades
  6186 | D:7      | Reached skill level 7 in Fighting
  6186 | D:7      | Reached XP level 9. HP: 43/57 MP: 11/11
  6189 | D:7      | XOM: fog
  6191 | D:7      | Reached skill level 13 in Fighting
  6191 | D:7      | Reached XP level 10. HP: 53/73 MP: 12/12
  6220 | D:7      | XOM: confuse monster(s)
  6223 | D:7      | Found a bloodstained altar of Trog.
  6225 | D:7      | Found a glowing silver altar of Zin.
  6270 | D:6      | XOM: summons 5 hostile demons
  6444 | D:5      | XOM: harmless Ice miscast
  6651 | D:7      | XOM: potion effect (brilliance)
  6769 | D:7      | XOM: silly message
  6836 | D:7      | XOM: divination: detect creatures
  6842 | D:7      | HP: 2/73 [hellwing (7)]
  6843 | D:7      | Slain by a hellwing

Skill      XL: |  1  2  3  4  5  6  7  8  9 |
---------------+----------------------------+-----
Dodging        | 3 4 5 6 7 |  7.6
Fighting       | 4 5 7 13 | 13.3
Long Blades    | 4 5 |  5.5
Stealth        | 2 4 |  4.8
Evocations     | 1 3 |  3.6

Action                   |  1- 3 |  4- 6 |  7- 9 | 10-12 || total
-------------------------+-------+-------+-------+-------++-------
Melee: Falchion          |    17 |   161 |   115 |    52 ||   345
       Constrict         |     7 |    54 |    26 |     6 ||    93
       Tentacles         |     3 |    30 |    27 |     3 ||    63
       Bite              |       |    16 |    20 |     4 ||    40
Evoke: Wand              |       |       |    10 |     5 ||    15
  Use: Scroll            |       |     2 |     7 |     1 ||    10
       Potion            |       |       |     6 |     2 ||     8
 Stab: Sleeping          |     2 |     5 |     4 |       ||    11
       Paralysed         |       |     1 |     2 |     1 ||     4
       Confused          |       |       |     3 |       ||     3
  Eat: Chunk             |       |    13 |     8 |       ||    21
Armor: Skin              |     1 |     4 |    22 |    24 ||    51
Dodge: Dodged            |    11 |   100 |    48 |    50 ||   209
       Rpst.: Falchion   |     1 |    31 |    12 |     8 ||    52
